 Dungeon Crawl Stone Soup version 0.30.0-10-gfe55d96785 (webtiles) character file.

Game seed: 13310674714833393671

86 McKennaii the Conjurer (level 4, 0/33 HPs)
             Began as a Demigod Conjurer on May 15, 2023.
             Slain by an orc
             ... wielding a +0 war axe
              (5 damage)
             ... on level 3 of the Dungeon.
             The game lasted 00:01:16 (2240 turns).

McKennaii the Conjurer (Demigod Conjurer)           Turns: 2240, Time: 00:01:16

Health: 0/33       AC:  3    Str:  8    XL:     4   Next: 5%
Magic:  1/11       EV: 12    Int: 24    God:
Gold:   130        SH:  0    Dex: 12    Spells: 6/9 levels left

rFire   . . .        d - staff of cold
rCold   + . .        (no shield)
rNeg    . . .        a - +0 robe
rPois   .            h - +0 helmet
rElec   .            (no cloak)
rCorr   .            (no gloves)
SInv    .            (no boots)
Will    .....        (no amulet)
Stlth   ++           g - ring of flight
HPRegen 0.25/turn    (no ring)
MPRegen 0.12/turn

%: no passive effects
@: flying
A: high MP 1, forlorn, divine attributes
a: no special abilities


You were on level 3 of the Dungeon.
You visited 1 branch of the dungeon, and saw 3 of its levels.

You collected 130 gold pieces.

Inventory:

Armour
 a - a +0 robe (worn)
 h - a +0 helmet (worn)
Magical Staves
 d - a staff of cold (weapon)
Jewellery
 g - a ring of flight (left hand)
Scrolls
 c - a scroll of brand weapon {unknown}
 j - a scroll of butterflies {unknown}
Potions
 b - a potion of magic
 e - a potion of brilliance {unknown}
 f - 2 potions of heal wounds {unknown}
 i - 2 potions of lignification {unknown}
 k - a potion of ambrosia {unknown}


   Skills:
 - Level 1.7 Dodging
 - Level 1.7 Stealth
 + Level 3.0 Spellcasting
 + Level 4.5 Conjurations


You had 6 spell levels left.
You knew the following spells:

 Your Spells              Type           Power      Damage    Failure   Level
a - Magic Dart            Conj           100%       1d8       1%          1
b - Searing Ray           Conj           50%        2d6       2%          2

Your spell library contained the following spells:

 Spells                   Type           Power      Damage    Failure   Level
 Dazzling Flash           Conj/Hex       28%        N/A       13%         3
 Ensorcelled Hibernation  Hex/Ice        10%        N/A       16%         2
 Passwall                 Tmut/Erth      2%         N/A       16%         2
 Swiftness                Air            3%         N/A       32%         3
 Fulminant Prism          Conj/Hex       7%         3d7       38%         4
 Iskenderun's Mystic Bla  Conj/Tloc      14%        2d5       38%         4


Dungeon Overview and Level Annotations

Branches:
Dungeon (3/15)


Innate Abilities, Weirdness & Mutations

You have an increased reservoir of magic. (+10% MP)
You shall have no god before yourself.
Your divine heritage dramatically boosts your attributes as you level up.


Message History

The orc closely misses you.
The magic dart hits the orc but does no damage.
The orc is severely wounded.
The orc hits you with a +0 mace.
The magic dart hits the orc.
You kill the orc!
Your Spellcasting skill increases to level 3!
The magic dart hits the orc.
The orc is heavily wounded.
You are out of magic!
You are out of magic!
This spell is extremely dangerous to cast!
Memorise Iskenderun's Mystic Blast, consuming 4 spell levels and leaving 2?
You start memorising the spell.
You continue memorising.
The orc shouts!
The orc closely misses you.
You continue memorising.
The orc misses you. x2
You continue memorising.
The orc hits you with a +0 war axe.
Your memorisation is interrupted.
The orc misses you.
Okay, then.
There are monsters nearby!
The magic dart hits the orc!
You kill the orc!
The orc barely misses you.
You are out of magic!
You barely miss the orc. The orc hits you with a +0 war axe.
You closely miss the orc. The orc hits you with a +0 war axe!
You hit the orc.
The orc is lightly wounded.
The orc barely misses you.
You barely miss the orc.
The orc is lightly wounded.
The orc hits you with a +0 war axe!
* * * LOW HITPOINT WARNING * * *
You barely miss the orc.
The orc is lightly wounded.
The orc hits you with a +0 war axe.
You die...

..#.#############.#.#
.#.#.. .........#.#
..#.# ##########.##
#...# #...... #...#
#.##.## #...# #.##.#
#..###...##########†##.#
#......).#..........##.#
##.###.#@..###########.#
###o#..# #.# )..#..# #.#
##..#..# #.# #..#...
#..#.##. #..#.# ##
...#.#


You could see an orc.

Vanquished Creatures
  3 adders (D:2)
  A worm (D:2)
  A dart slug (D:1)
  3 orcs (D:3)
  5 endoplasms
  3 giant cockroaches
  4 goblins
  4 hobgoblins
  4 jackals (D:3)
  5 kobolds
  A quokka (D:1)
  4 ball pythons
  3 bats
  2 frilled lizards
  3 rats
46 creatures vanquished.

Notes
Turn   | Place    | Note
-------+----------+-------------------------------------------
     0 | D:1      | McKennaii the Demigod Conjurer began the quest for the Orb.
     0 | D:1      | Reached XP level 1. HP: 14/14 MP: 5/5
   296 | D:1      | Reached XP level 2. HP: 20/20 MP: 1/7
   604 | D:1      | Reached skill level 4 in Conjurations
  1173 | D:1      | Learned a level 2 spell: Searing Ray
  1338 | D:2      | Reached XP level 3. HP: 26/26 MP: 3/9
  2205 | D:3      | Reached XP level 4. HP: 33/33 MP: 6/11
  2240 | D:3      | Slain by an orc

Illustrated notes

Levels and vault maps discovered:
D:1:      moated_graveyard_arrival, layout_loops_cross, minmay_misc_feat_rugged,
          hangedman_decor_riveting
D:2:      layout_basic
D:3:      layout_basic, gammafunk_ghost_stat_death, basic_ecumenical_altar,
          serial_shops, nicolae_shop_pleasant_corner_grove,
          chequers_serial_rivers_micro_a

Skill      XL: |  1  2  3  4 |
---------------+-------------+-----
Spellcasting   | 2 3 |  3.0
Conjurations   | 4 |  4.5
Dodging        | |  1.7
Stealth        | |  1.7

Action                     |  1- 3 |  4- 6 || total
---------------------------+-------+-------++-------
  Melee: Staff             |     1 |     5 ||     6
   Cast: Magic Dart        |   103 |    10 ||   113
         Searing Ray       |     1 |       ||     1
 Armour: Robe              |     5 |     1 ||     6
  Dodge: Dodged            |     9 |     7 ||    16
